TOP OF THE 1ST |
Belleville Bulls batting - Pitching for Mt. Vernon Bulls : RHP Nate Randall
|
Pitching: RHP Nate Randall
|
|
Batting: SHB Júlio Moreno
|
0-0: Called Strike 0-1: Foul Ball, location: 2F 0-2: Strikes out swinging
|
Batting: LHB Juan Rodríguez
|
0-0: Foul Ball, location: 2F 0-1: SOLO HOME RUN (Flyball, 7D), Distance : 382 ft
|
Batting: RHB Silvian Burger
|
0-0: Called Strike 0-1: Swinging Strike 0-2: Strikes out swinging
|
Batting: RHB Zack McLean
|
0-0: Swinging Strike 0-1: Ball 1-1: Ball 2-1: Fly out, F4 (Popup, 13)
|
Top of the 1st over - 1 run, 1 hit, 0 errors, 0 left on base; Belleville 1 - Mt. Vernon 0 |
BOTTOM OF THE 1ST |
Mt. Vernon Bulls batting - Pitching for Belleville Bulls : LHP Luis Soto
|
Pitching: LHP Luis Soto
|
|
Batting: RHB Tom Bancroft
|
0-0: Foul Ball, location: 2F 0-1: Ball 1-1: Ball 2-1: Foul Ball, location: 2F 2-2: Ball 3-2: Base on Balls
|
Batting: RHB Tong-sik Im
|
0-0: Called Strike Tom Bancroft steals 2nd base 0-1: Ball 1-1: Fly out, F8 (Flyball, 8LM)
|
Batting: RHB Silverberry Mouhon
|
0-0: SINGLE (Flyball, 89M) - OUT at second base trying to stretch hit. Tom Bancroft scores
|
Batting: RHB Angeddy Almanzar
|
0-0: Ball 1-0: Fly out, F8 (Flyball, 8LM)
|
Bottom of the 1st over - 1 run, 1 hit, 0 errors, 0 left on base; Belleville 1 - Mt. Vernon 1 |
TOP OF THE 2ND |
Belleville Bulls batting - Pitching for Mt. Vernon Bulls : RHP Nate Randall
|
Batting: RHB Cheh Zhi
|
0-0: Ground out 5-3 (Groundball, 56)
|
Batting: RHB Holden Ford
|
0-0: DOUBLE (Groundball, 3L)
|
Batting: RHB Eric Harvey
|
0-0: Called Strike 0-1: Swinging Strike 0-2: Foul Ball, location: 2F 0-2: Ball 1-2: Strikes out swinging
|
Batting: RHB Manuel Vroonland
|
0-0: Swinging Strike 0-1: Ball 1-1: Ground out 5-3 (Groundball, 56S)
|
Top of the 2nd over - 0 runs, 1 hit, 0 errors, 1 left on base; Belleville 1 - Mt. Vernon 1 |
BOTTOM OF THE 2ND |
Mt. Vernon Bulls batting - Pitching for Belleville Bulls : LHP Luis Soto
|
Batting: LHB Rich Watkins
|
0-0: Ball 1-0: Ball 2-0: Ball 3-0: Base on Balls
|
Batting: RHB Wei-hong Won
|
0-0: Called Strike 0-1: Ball 1-1: Ball 2-1: Foul Ball, location: 2F 2-2: Ball 3-2: Base on Balls Rich Watkins to second
|
Batting: LHB Tomás Muinos
|
0-0: Ball 1-0: Called Strike 1-1: Foul Ball, location: 2F 1-2: Strikes out swinging
|
Batting: RHB Modesto González
|
0-0: Ball 1-0: Ball 2-0: Ball 3-0: Base on Balls Rich Watkins to third Wei-hong Won to second
|
Batting: RHB Kamakakoa Kaponianani
|
0-0: Ball 1-0: Ball 2-0: Called Strike 2-1: Fly out, F4 (Popup, 4M)
|
Batting: RHB Tom Bancroft
|
0-0: Ball 1-0: Ball 2-0: Foul Ball, location: 2F 2-1: Ball 3-1: Foul Ball, location: 2F 3-2: Base on Balls Rich Watkins scores Wei-hong Won to third Modesto González to second
|
Batting: RHB Tong-sik Im
|
0-0: Swinging Strike 0-1: Fly out, F8 (Flyball, 8RM)
|
Bottom of the 2nd over - 1 run, 0 hits, 0 errors, 3 left on base; Belleville 1 - Mt. Vernon 2 |
TOP OF THE 3RD |
Belleville Bulls batting - Pitching for Mt. Vernon Bulls : RHP Nate Randall
|
Batting: RHB Rich Lucas
|
0-0: Ball 1-0: Ball 2-0: Ball 3-0: Base on Balls
|
Batting: SHB Júlio Moreno
|
0-0: Ball 1-0: Foul Ball, location: 2F 1-1: Foul Ball, location: 2F 1-2: Strikes out swinging
|
Batting: LHB Juan Rodríguez
|
0-0: SINGLE (Flyball, 8LS) Rich Lucas to second Rich Lucas to third
|
Batting: RHB Silvian Burger
|
0-0: Ball 1-0: Fly out, F8 (Flyball, 8RD) Runner from 3rd tags up, SCORES, throw made
|
Batting: RHB Zack McLean
|
0-0: Ball 1-0: Called Strike 1-1: Ball 2-1: Foul Ball, location: 2F 2-2: Ball 3-2: SINGLE (Line Drive, 4MD) Juan Rodríguez to second Juan Rodríguez to third
|
Batting: RHB Cheh Zhi
|
0-0: Called Strike 0-1: Swinging Strike 0-2: Foul Ball, location: 2F 0-2: Ball 1-2: Ball 2-2: Ball 3-2: Foul Ball, location: 2F 3-2: Ground out 5-3 (Groundball, 5L)
|
Top of the 3rd over - 1 run, 2 hits, 0 errors, 2 left on base; Belleville 2 - Mt. Vernon 2 |
BOTTOM OF THE 3RD |
Mt. Vernon Bulls batting - Pitching for Belleville Bulls : LHP Luis Soto
|
Batting: RHB Silverberry Mouhon
|
0-0: Foul Ball, location: 2F 0-1: Ball 1-1: Ball 2-1: Ball 3-1: Base on Balls
|
Batting: RHB Angeddy Almanzar
|
0-0: Foul Ball, location: 2F 0-1: Ball 1-1: Ball 2-1: Foul Ball, location: 2F 2-2: Fly out, F6 (Line Drive, 6)
|
Pitching: RHP Jorge Moreno
|
|
Batting: LHB Rich Watkins
|
0-0: Called Strike 0-1: Ball 1-1: Swinging Strike 1-2: Ball 2-2: Strikes out swinging
|
Batting: RHB Wei-hong Won
|
0-0: Ball 1-0: Swinging Strike 1-1: Fly out, F8 (Flyball, 8RD)
|
Bottom of the 3rd over - 0 runs, 0 hits, 0 errors, 1 left on base; Belleville 2 - Mt. Vernon 2 |
TOP OF THE 4TH |
Belleville Bulls batting - Pitching for Mt. Vernon Bulls : RHP Nate Randall
|
Batting: RHB Holden Ford
|
0-0: Ball 1-0: Called Strike 1-1: Swinging Strike 1-2: Strikes out swinging
|
Batting: RHB Eric Harvey
|
0-0: DOUBLE (Line Drive, 78D)
|
Batting: RHB Manuel Vroonland
|
0-0: Called Strike 0-1: Ball 1-1: Swinging Strike 1-2: Strikes out swinging
|
Batting: RHB Rich Lucas
|
0-0: Called Strike 0-1: Ball 1-1: Ball 2-1: Ball 3-1: Ground out 6-3 (Groundball, 6)
|
Top of the 4th over - 0 runs, 1 hit, 0 errors, 1 left on base; Belleville 2 - Mt. Vernon 2 |
BOTTOM OF THE 4TH |
Mt. Vernon Bulls batting - Pitching for Belleville Bulls : RHP Jorge Moreno
|
Batting: LHB Tomás Muinos
|
0-0: Swinging Strike 0-1: Ground out U3 (Groundball, 3)
|
Batting: RHB Modesto González
|
0-0: Ball 1-0: Ball 2-0: Ball 3-0: Base on Balls
|
Batting: RHB Kamakakoa Kaponianani
|
0-0: Ground out 5-3 (Groundball, 56S) Modesto González to second
|
Batting: RHB Tom Bancroft
|
0-0: Called Strike 0-1: Foul Ball, location: 2F 0-2: Ball 1-2: Foul Ball, location: 2F 1-2: Strikes out swinging
|
Bottom of the 4th over - 0 runs, 0 hits, 0 errors, 1 left on base; Belleville 2 - Mt. Vernon 2 |
TOP OF THE 5TH |
Belleville Bulls batting - Pitching for Mt. Vernon Bulls : RHP Nate Randall
|
Batting: SHB Júlio Moreno
|
0-0: Ball 1-0: Ball 2-0: Ball 3-0: Base on Balls
|
Batting: LHB Juan Rodríguez
|
0-0: Sac Bunt - play at first, batter OUT! 5-3 Júlio Moreno to second
|
Batting: RHB Silvian Burger
|
0-0: Fly out, F7 (Flyball, 7S)
|
Batting: RHB Zack McLean
|
0-0: Called Strike 0-1: Foul Ball, location: 2F 0-2: Ball 1-2: Foul Ball, location: 2F 1-2: Strikes out swinging
|
Top of the 5th over - 0 runs, 0 hits, 0 errors, 1 left on base; Belleville 2 - Mt. Vernon 2 |
BOTTOM OF THE 5TH |
Mt. Vernon Bulls batting - Pitching for Belleville Bulls : RHP Jorge Moreno
|
Pitching: RHP Jay Holt
|
|
Batting: RHB Tong-sik Im
|
0-0: Ball 1-0: Called Strike 1-1: Fly out, F8 (Flyball, 8RM)
|
Batting: RHB Silverberry Mouhon
|
0-0: Ball 1-0: Ball 2-0: Ball 3-0: Called Strike 3-1: Fly out, F4 (Popup, 34D)
|
Batting: RHB Angeddy Almanzar
|
0-0: Ball 1-0: Ball 2-0: Ball 3-0: Hit by Pitch
|
Batting: LHB Rich Watkins
|
0-0: Called Strike 0-1: Ball 1-1: Ball 2-1: Foul Ball, location: 2F 2-2: Ball 3-2: SINGLE (Groundball, 6) (infield hit) Angeddy Almanzar to second
|
Batting: RHB Wei-hong Won
|
0-0: Ball 1-0: Ball 2-0: Called Strike 2-1: Foul Ball, location: 2F 2-2: Fly out, F7 (Flyball, 7)
|
Bottom of the 5th over - 0 runs, 1 hit, 0 errors, 2 left on base; Belleville 2 - Mt. Vernon 2 |
TOP OF THE 6TH |
Belleville Bulls batting - Pitching for Mt. Vernon Bulls : RHP Nate Randall
|
Batting: RHB Cheh Zhi
|
0-0: Ball 1-0: Fly out, F7 (Line Drive, 7)
|
Batting: RHB Holden Ford
|
0-0: Swinging Strike 0-1: SINGLE (Line Drive, 78M)
|
Batting: RHB Eric Harvey
|
0-0: Fly out, F8 (Flyball, 8RM)
|
Batting: RHB Manuel Vroonland
|
0-0: Foul Ball, location: 2F 0-1: Ground out 4-3 (Groundball, 34)
|
Top of the 6th over - 0 runs, 1 hit, 0 errors, 1 left on base; Belleville 2 - Mt. Vernon 2 |
BOTTOM OF THE 6TH |
Mt. Vernon Bulls batting - Pitching for Belleville Bulls : RHP Jay Holt
|
Batting: LHB Tomás Muinos
|
0-0: Ball 1-0: SINGLE (Groundball, 56D)
|
Batting: RHB Modesto González
|
0-0: DOUBLE (Groundball, 5L) Tomás Muinos to third
|
Batting: RHB Kamakakoa Kaponianani
|
0-0: Ball 1-0: Swinging Strike 1-1: Ball 2-1: Called Strike 2-2: Foul Ball, location: 2F 2-2: Ball 3-2: Strikes out swinging
|
Pitching: RHP António Martínez
|
|
Batting: RHB Tom Bancroft
|
0-0: Ball 1-0: Ball 2-0: Called Strike 2-1: Ball 3-1: SINGLE (Groundball, 56D) Tomás Muinos scores Modesto González to third Runner from 3rd tries for Home, SAFE, no throw
|
Batting: RHB Tong-sik Im
|
0-0: Called Strike 0-1: Ball 1-1: Foul Ball, location: 2F 1-2: Ball 2-2: Foul Ball, location: 2F 2-2: Ground out 3-1 (Groundball, 34S) Tom Bancroft to second
|
Pitching: RHP Ken Dundee
|
|
Batting: RHB Silverberry Mouhon
|
0-0: Swinging Strike 0-1: Ball 1-1: Foul Ball, location: 2F 1-2: Strikes out looking
|
Bottom of the 6th over - 2 runs, 3 hits, 0 errors, 1 left on base; Belleville 2 - Mt. Vernon 4 |
TOP OF THE 7TH |
Belleville Bulls batting - Pitching for Mt. Vernon Bulls : RHP Nate Randall
|
Batting: RHB Rich Lucas
|
0-0: Fly out, F6 (Popup, 6MS)
|
Batting: SHB Júlio Moreno
|
0-0: Fly out, F1 (Line Drive, 13)
|
Batting: LHB Juan Rodríguez
|
0-0: Called Strike 0-1: Ground out 4-3 (Groundball, 4)
|
Top of the 7th over - 0 runs, 0 hits, 0 errors, 0 left on base; Belleville 2 - Mt. Vernon 4 |
BOTTOM OF THE 7TH |
Mt. Vernon Bulls batting - Pitching for Belleville Bulls : RHP Ken Dundee
|
Batting: RHB Angeddy Almanzar
|
0-0: Called Strike 0-1: Ball 1-1: Ball 2-1: Foul Ball, location: 2F 2-2: Fly out, F8 (Flyball, 78S)
|
Batting: LHB Rich Watkins
|
0-0: Called Strike 0-1: Called Strike 0-2: DOUBLE (Flyball, 8LXD)
|
Batting: RHB Wei-hong Won
|
0-0: Ball 1-0: Foul Ball, location: 2F 1-1: Foul Ball, location: 2F 1-2: Strikes out swinging
|
Batting: LHB Tomás Muinos
|
0-0: Swinging Strike 0-1: Swinging Strike 0-2: Strikes out looking
|
Bottom of the 7th over - 0 runs, 1 hit, 0 errors, 1 left on base; Belleville 2 - Mt. Vernon 4 |
TOP OF THE 8TH |
Belleville Bulls batting - Pitching for Mt. Vernon Bulls : RHP Nate Randall
|
Batting: RHB Silvian Burger
|
0-0: Called Strike 0-1: SINGLE (Flyball, 7S) - OUT at second base trying to stretch hit.
|
Batting: RHB Zack McLean
|
0-0: Ball 1-0: Ball 2-0: Fly out, F8 (Line Drive, 8LXD)
|
Batting: RHB Cheh Zhi
|
0-0: Called Strike 0-1: Ground out 5-3 (Groundball, 5L)
|
Top of the 8th over - 0 runs, 1 hit, 0 errors, 0 left on base; Belleville 2 - Mt. Vernon 4 |
BOTTOM OF THE 8TH |
Mt. Vernon Bulls batting - Pitching for Belleville Bulls : RHP Ken Dundee
|
Batting: RHB Modesto González
|
0-0: DOUBLE (Groundball, 5L)
|
Batting: RHB Kamakakoa Kaponianani
|
0-0: Ball 1-0: Swinging Strike 1-1: Ball 2-1: Swinging Strike 2-2: Foul Ball, location: 2F 2-2: Ground out 3-1 (Groundball, 34) Modesto González to third
|
Batting: RHB Tom Bancroft
|
0-0: Intentional Walk
|
Batting: RHB Tong-sik Im
|
0-0: Foul Ball, location: 2F 0-1: Ball 1-1: Foul Ball, location: 2F 1-2: Strikes out swinging
|
Batting: RHB Silverberry Mouhon
|
0-0: Foul Ball, location: 2F 0-1: Ball 1-1: Ball 2-1: SINGLE (Groundball, 56D) Modesto González scores Tom Bancroft to second
|
Batting: RHB Angeddy Almanzar
|
0-0: Fly out, F8 (Flyball, 78M)
|
Bottom of the 8th over - 1 run, 2 hits, 0 errors, 2 left on base; Belleville 2 - Mt. Vernon 5 |
TOP OF THE 9TH |
Belleville Bulls batting - Pitching for Mt. Vernon Bulls : RHP Nate Randall
|
Batting: RHB Holden Ford
|
0-0: Called Strike 0-1: Foul Ball, location: 2F 0-2: Strikes out swinging
|
Batting: RHB Eric Harvey
|
0-0: Ball 1-0: Ball 2-0: Foul Ball, location: 2F 2-1: Fly out, F7 (Flyball, 78D)
|
Batting: RHB Manuel Vroonland
|
0-0: Ball 1-0: Ball 2-0: Fly out, F2 (Popup, 2RF)
|
Top of the 9th over - 0 runs, 0 hits, 0 errors, 0 left on base; Belleville 2 - Mt. Vernon 5 |
|